 Dungeon Crawl Stone Soup version 0.23-a0-344-ge122d05 (webtiles) character file.

34 MisterFreud the Vandal (level 3, 0/24 HPs)
             Began as a Halfling Hunter on Oct 19, 2018.
             Slain by an adder (3 damage)
             ... on level 1 of the Dungeon.
             The game lasted 00:02:14 (1377 turns).

MisterFreud the Vandal (Halfling Hunter)            Turns: 1377, Time: 00:02:15

Health: 0/24       AC:  3    Str: 18    XL:     3   Next: 50%
Magic:  3/3        EV: 14    Int:  9    God:
Gold:   44         SH:  0    Dex: 15    Spells: 2/2 levels left

rFire    . . .     SeeInvis .   b - +0 short sword
rCold    . . .     Gourm    .   (shield restricted)
rNeg     . . .     Faith    .   c - +0 leather armour
rPois    .         Spirit   .   (no helmet)
rElec    .         Reflect  .   (no cloak)
rCorr    .         Harm     .   (no gloves)
MR       .....                  (no boots)
Stlth    ++........             (no amulet)
HPRegen  0.08/turn              (no ring)
MPRegen  0.08/turn              (no ring)

@: mighty, lethally poisoned (0 -> -6)
A: small, mutation resistance 1
a: no special abilities


You were on level 1 of the Dungeon.
You were not hungry.

You visited 1 branch of the dungeon, and saw 2 of its levels.

You collected 44 gold pieces.

Inventory:

Hand Weapons
 a - a +2 hunting sling
 b - a +0 short sword (weapon)
Missiles
 d - 32 sling bullets
 e - 70 stones (quivered)
Armour
 c - a +0 leather armour (worn)
Scrolls
 j - a scroll of teleportation
Potions
 i - a potion of resistance
Comestibles
 f - 2 rations


   Skills:
 - Level 1.7 Fighting
 - Level 5.8 Slings
 - Level 2.1 Dodging
 + Level 3.8 Stealth


You had 2 spell levels left.
You didn't know any spells.
Your spell library was empty.

Dungeon Overview and Level Annotations

Branches:
Dungeon (2/15)

Altars:


Innate Abilities, Weirdness & Mutations

You are small and have problems with some larger weapons.
You are somewhat resistant to further mutation.


Message History

The jackal closely misses you. x2
You hit the jackal.
You kill the jackal!
The adder barely misses you.
You hit the adder.
The adder is moderately wounded.
The adder bites you.
You closely miss the adder.
The adder is moderately wounded.
The adder bites you.
* * * LOW HITPOINT WARNING * * *
The adder bites you.
* * * LOW HITPOINT WARNING * * *
You are lethally poisoned!
The adder poisons you!
It was a potion of might.
You feel very mighty all of a sudden.
* * * LOW HITPOINT WARNING * * *
You feel sick. The adder bites you.
You die...

### #.#.# ############
..# #.#.# #...........
#.#
#.#.#######.##########
#.# #.#......)...# #.
#.##########.#..........#
#.
................>.......#
#.
...######..#.#..........#
#.
#...#####..#.#.#S#####.##
#. #.#.##.......#.#@# #.#
#.
.....'.......#.#.#####.#
#.
#.##.#......##......##.#
#.
....................##.#
#.
..#.........##......##.#
#.
..#..#......##......'..#
#.
..#(........##......####
#. ..#.#.......#........#
#. ..#......#.##........#
#.


You could see an adder.

Vanquished Creatures
  An adder (D:1)
  A leopard gecko (D:1)
  2 bats
  A giant cockroach (D:1)
  4 hobgoblins
  A jackal (D:1)
  3 frilled lizards (D:1)
  3 goblins
  3 kobolds (D:1)
  4 rats (D:1)
23 creatures vanquished.

Notes
Turn   | Place    | Note
-------+----------+-------------------------------------------
     0 | D:1      | MisterFreud the Halfling Hunter began the quest for the
                  | Orb.
     0 | D:1      | Reached XP level 1. HP: 14/14 MP: 1/1
   178 | D:1      | Reached XP level 2. HP: 19/19 MP: 2/2
  1118 | D:1      | Reached XP level 3. HP: 3/24 MP: 3/3
  1377 | D:1      | Slain by an adder

Vault maps used:
D:1:      minmay_arrival_checkered_box
D:2:      led_sif_pool, eat_drink_and_be_merry_uskayaw, serial_curves,
          eino_curves_04, eino_curves_01, chequers_serial_rivers_room_b,
          kennysheep_donut

Skill      XL: |  1  2 |
---------------+-------+-----
Stealth        | 2 3 |  3.8
Fighting       | |  1.7
Slings         | |  5.8
Dodging        | |  2.1

Action                   || total
-------------------------++-------
Melee: Short sword       ||    78
 Fire: Hunting sling     ||     8
  Use: Scroll            ||     3
       Potion            ||     3
 Stab: Sleeping          ||     4
  Eat: Chunk             ||     1
Armor: Leather armour    ||    20
Dodge: Dodged            ||    76

Table legend:
 A = Non-vault XP
 B = Vault XP
 C = Vault XP percentage of total XP
 D = Non-vault monster count
 E = Vault monster count
 F = Vault count percentage of total count
                 A         B        C        D         E       F
            +---------+---------+-------+---------+---------+-------
      Total |      49 |       0 |   0.0 |      23 |       0 |   0.0
            +---------+---------+-------+---------+---------+-------
        D:1 |      43 |       0 |   0.0 |      20 |       0 |   0.0
        D:2 |       6 |       0 |   0.0 |       3 |       0 |   0.0
            +---------+---------+-------+---------+---------+-------
